 Dungeon Crawl Stone Soup version 0.29.1-2-gbd0b4ee654 (webtiles) character file.

Game seed: 4789141711447216357

65 croobank the Insei (level 4, -1/29 HPs)
             Began as an Octopode Transmuter on Nov 19, 2022.
             Was a Follower of Qazlal.
             Frozen to death by an endoplasm (3 damage)
             ... on level 2 of the Dungeon.
             The game lasted 00:04:44 (1704 turns).

croobank the Insei (Octopode Transmuter)            Turns: 1704, Time: 00:04:45

Health: -1/29      AC:  2    Str: 15    XL:     4   Next: 13%
Magic:  2/7        EV: 20    Int: 23    God:    Qazlal [*.....]
Gold:   111        SH:  2    Dex: 17    Spells: 1/7 levels left

rFire   . . .      SeeInvis .     - Unarmed
rCold   . . .      Faith    .   (shield currently unavailable)
rNeg    . . .      Spirit   .   (helmet currently unavailable)
rPois   x          Reflect  .   (no amulet)
rElec   .          Harm     .   f - ring of flight
rCorr   .          Rampage  .   k - +6 ring of strength
Will    .....                   l - +6 ring of intelligence
Stlth   +.........              (no ring)
HPRegen 0.09/turn               (no ring)
MPRegen 0.10/turn               (no ring)
                                (no ring)
                                (no ring)

@: spider-form (expiring), wereblooded, flying
A: venomous fangs, almost no armour, (amphibious), 8 rings, tiny, (camouflage
1), (gelatinous body 1), (nimble swimmer 1), (tentacles)
a: End Transformation, Renounce Religion


You were on level 2 of the Dungeon.
You worshipped Qazlal.
Qazlal was aware of your devotion.
You were a venomous arachnid creature.
You visited 1 branch of the dungeon, and saw 2 of its levels.

You collected 111 gold pieces.

Inventory:

Hand Weapons
 d - a +0 dagger
 e - a +0 whip
 i - a +0 quarterstaff (melded)
Jewellery
 f - a ring of flight (left front leg)
 k - a +6 ring of strength (right front leg)
 l - a +6 ring of intelligence (on tentacle)
Scrolls
 b - 2 scrolls of noise {unknown}
 g - a scroll of teleportation {unknown}
 n - a scroll of identify
Potions
 a - 2 potions of lignification
 c - a potion of berserk rage
 h - a potion of curing {unknown}
 j - a potion of cancellation
 m - 2 potions of flight {unknown}


   Skills:
 + Level 1.8 Fighting
 + Level 2.6 Dodging
 + Level 3.4 Unarmed Combat
 + Level 2.4 Spellcasting
 + Level 2.5 Transmutations


You had one spell level left.
You knew the following spells:

 Your Spells              Type           Power      Damage    Failure   Level
a - Beastly Appendage     Tmut           28%        N/A       13%         1
b - Wereblood             Tmut           14%        N/A       17%         2
c - Spider Form           Tmut/Pois      8%         N/A       43%         3

Your spell library contained the following spells:

 Spells                   Type           Power      Damage    Failure   Level
 Dazzling Flash           Conj/Hex       4%         N/A       58%         3
 Ice Form                 Ice/Tmut       8%         N/A       78%         4
 Iskenderun's Mystic Bla  Conj/Tloc      2%         2d3       90%         4
 Starburst                Conj/Fire      1%         6d3       100%        6


Dungeon Overview and Level Annotations

Branches:
Dungeon (2/15)

Altars:
Ashenzari
Qazlal

Shops:
D:2 (

Annotations:
D:2 Terence


Innate Abilities, Weirdness & Mutations

You are a venomous arachnid creature.
You have poisonous fangs.
You are tiny and dextrous.
Your spellcasting is less reliable in this form.
Your armour is entirely melded.
You are incapable of wielding weapons or throwing items.
You cannot wear most types of armour.
((You are amphibious.))
You can wear up to eight rings at the same time.
((Your skin changes colour to match your surroundings (Stealth+).))
((Your rubbery body absorbs attacks. (AC +1, EV +1)))
((You are camouflaged when in or above water. (Stealth+)))
((You have tentacles for arms and can constrict up to eight enemies at once.))


Message History

Okay, then.
Casting: Wereblood (safe; 6% risk of failure)
Confirm with . or Enter, or press ? or * to list all spells.
One of your tentacles grows a vicious spike.
An endoplasm comes into view.
Casting: Beastly Appendage (safe; 4% risk of failure)
Confirm with . or Enter, or press ? or * to list all spells.
Your blood is infused with primal strength.
Casting: Wereblood (safe; 6% risk of failure)
Confirm with . or Enter, or press ? or * to list all spells.
Your tentacle spike disappears.
You turn into a venomous arachnid creature.
Your +0 quarterstaff melds into your body.
Terence barely misses you.
Terence hits you with a +0 trident of freezing.
Terence freezes you.
You hit Terence but do no damage.
Terence is poisoned.
The endoplasm barely misses you. Terence misses you.
You barely miss Terence.
Terence is lightly wounded.
The endoplasm misses you. Terence closely misses you.
You bite Terence!
Terence looks as sick as possible!
Terence is severely wounded.
Your transformation is almost over.
The endoplasm hits you but does no damage.
Terence hits you with a +0 trident of freezing!
Terence freezes you.
You hit the endoplasm.
The endoplasm is almost dead.
The endoplasm freezes you.
You are frozen.
Terence hits you with a +0 trident of freezing!
* * * LOW HITPOINT WARNING * * *
Terence freezes you.
* * * LOW HITPOINT WARNING * * *
You hit Terence but do no damage.
Terence looks as sick as possible!
Terence is almost dead.
The endoplasm freezes you.
You are frozen.
You die...

........# ........#
#..........#
#..........#
#..........#
#..........#
#........J@#
###.........s##
............ยง.#
##.#####.### ##.###
#.>.### #....#
###.#.## ###....#
##.....### #....#.#
#..##....#
#.#.##.###.###.##.#
#.#.#..##..##..##.#


You could see Terence (extremely poisoned) and an endoplasm.

Vanquished Creatures
  2 adders
  A worm (D:2)
  A dart slug (D:2)
  5 ball pythons
  6 endoplasms (D:1)
  6 goblins
  3 hobgoblins
  A quokka (D:1)
  7 bats (D:1)
  3 kobolds (D:1)
  4 rats
39 creatures vanquished.

Notes
Turn   | Place    | Note
-------+----------+-------------------------------------------
     0 | D:1      | croobank the Octopode Transmuter began the quest for the
                  | Orb.
     0 | D:1      | Reached XP level 1. HP: 13/13 MP: 3/3
   153 | D:1      | Reached XP level 2. HP: 16/18 MP: 3/5
   156 | D:1      | Learned a level 2 spell: Wereblood
   585 | D:1      | Reached XP level 3. HP: 23/23 MP: 2/6
   589 | D:1      | Learned a level 3 spell: Spider Form
   762 | D:1      | Found a faded altar of an unknown god.
   780 | D:1      | Prayed at the altar of an unknown god.
   780 | D:1      | Became a worshipper of Qazlal Stormbringer
   780 | D:1      | Reached * piety under Qazlal
  1126 | D:2      | Found Lolammad's Antique Weapon Shoppe.
  1143 | D:2      | Found a broken altar of Ashenzari.
  1161 | D:2      | Reached XP level 4. HP: 24/29 MP: 5/7
  1321 | D:2      | Noticed Terence
  1704 | D:2      | Frozen to death by an endoplasm

Illustrated notes

Levels and vault maps discovered:
D:1:      reono_arrival_forest_river, layout_basic,
          ebering_ecumenical_altar_ruins, st_stairs_13
D:2:      layout_rooms, basic_altar, serial_shops, shop, lemuel_flame_loot_1,
          uniq_terence

Action                   |  1- 3 |  4- 6 || total
-------------------------+-------+-------++-------
Melee: Unarmed           |    26 |     5 ||    31
       Constrict         |    18 |     2 ||    20
       Kick              |    25 |     3 ||    28
       Tentacles         |    17 |     2 ||    19
       Whip              |    38 |     4 ||    42
 Cast: Beastly Appendage |    18 |     5 ||    23
       Wereblood         |     7 |     2 ||     9
       Spider Form       |       |     1 ||     1
  Use: Scroll            |     6 |       ||     6
Armor: Skin              |     9 |     1 ||    10
Dodge: Dodged            |    43 |     9 ||    52
